| TOP OF THE 1ST |
|
Cleveland (APP) Indians batting - Pitching for Baltimore (APP) Orioles : RHP Yuji Higashi
|
|
Pitching: RHP Yuji Higashi
|
|
|
Batting: RHB Russ Kennett
|
0-0: Called Strike 0-1: Bunt for hit to 5S - play at first, batter safe!
|
|
Batting: RHB Makoto Narita
|
0-0: Foul Ball, location: 2F 0-1: Ball 1-1: SINGLE (Line Drive, 78M, EV 103.8 MPH) Russ Kennett to second
|
|
Batting: SHB Jack Tierney
|
0-0: Ball 1-0: Ball 2-0: Foul Ball, location: 2F 2-1: Swinging Strike 2-2: Ball 3-2: Foul Ball, location: 2F 3-2: Base on Balls Russ Kennett to third Makoto Narita to second
|
|
Batting: SHB Jay Rook
|
0-0: Ball 1-0: Foul Ball, location: 2F 1-1: Ball 2-1: Ball 3-1: Base on Balls Russ Kennett scores Makoto Narita to third Jack Tierney to second
|
|
Batting: RHB Luke Burnham
|
0-0: Ball 1-0: Foul Ball, location: 2F 1-1: Called Strike 1-2: Strikes out looking
|
|
Batting: RHB Xavier Bartolani
|
0-0: Called Strike 0-1: Swinging Strike 0-2: Ball 1-2: Ball 2-2: SINGLE (Flyball, 8LS, EV 96.2 MPH) Makoto Narita scores Jack Tierney to third Jay Rook to second Runner from 3rd tries for Home, SAFE, throw by CF to home Jay Rook to third Xavier Bartolani to second
|
|
Batting: LHB Mario Garza
|
0-0: Ball 1-0: SINGLE (Groundball, 6S, EV 63.1 MPH) (infield hit) Jay Rook scores Xavier Bartolani to third
|
|
Batting: RHB Cruz Castro
|
0-0: Fly out, F4 (Line Drive, 4, EV 73.8 MPH)
|
|
Batting: SHB Bob Ledlow
|
0-0: Ball 1-0: Ball 2-0: Foul Ball, location: 2F 2-1: Ball Passed Ball! Xavier Bartolani scores Mario Garza to second 3-1: Base on Balls
|
|
Batting: RHB Russ Kennett
|
0-0: Called Strike 0-1: Ball 1-1: Fly out, F8 (Flyball, 8LXD, EV 91.9 MPH)
|
| Top of the 1st over - 5 runs, 4 hits, 0 errors, 2 left on base; Cleveland (APP) 5 - Baltimore (APP) 0 |
| BOTTOM OF THE 1ST |
|
Baltimore (APP) Orioles batting - Pitching for Cleveland (APP) Indians : RHP Roberto Lamadrid
|
|
Pitching: RHP Roberto Lamadrid
|
|
|
Batting: RHB Johnny Lowe
|
0-0: Called Strike 0-1: Foul Ball, location: 2F 0-2: Ball 1-2: Foul Ball, location: 2F 1-2: Ball 2-2: Fly out, F5 (Line Drive, 5L, EV 73.1 MPH)
|
|
Batting: LHB Edwin Cabral
|
0-0: Ball 1-0: Foul Ball, location: 2F 1-1: Ball 2-1: Ball 3-1: Ground out 4-3 (Groundball, 4, EV 81.2 MPH)
|
|
Batting: SHB Shannon Britten
|
0-0: Swinging Strike 0-1: Ball 1-1: Fly out, F9 (Line Drive, 9, EV 98.8 MPH)
|
| Bottom of the 1st over - 0 runs, 0 hits, 0 errors, 0 left on base; Cleveland (APP) 5 - Baltimore (APP) 0 |
| TOP OF THE 2ND |
|
Cleveland (APP) Indians batting - Pitching for Baltimore (APP) Orioles : RHP Yuji Higashi
|
|
Batting: RHB Makoto Narita
|
0-0: Called Strike 0-1: Foul Ball, location: 2F 0-2: Ball 1-2: Fly out, F7 (Flyball, 78M, EV 90.6 MPH)
|
|
Batting: SHB Jack Tierney
|
0-0: Ball 1-0: Ball 2-0: Ball 3-0: Base on Balls
|
|
Batting: SHB Jay Rook
|
0-0: Called Strike 0-1: Ball 1-1: Foul Ball, location: 2F 1-2: Foul Ball, location: 2F 1-2: Grounds into double play, 3-6-1 (Groundball, 3, EV 82.5 MPH)
|
| Top of the 2nd over - 0 runs, 0 hits, 0 errors, 0 left on base; Cleveland (APP) 5 - Baltimore (APP) 0 |
| BOTTOM OF THE 2ND |
|
Baltimore (APP) Orioles batting - Pitching for Cleveland (APP) Indians : RHP Roberto Lamadrid
|
|
Batting: LHB Bryan Davidson
|
0-0: Ball 1-0: Foul Ball, location: 2F 1-1: Swinging Strike 1-2: Ball 2-2: Ball 3-2: Strikes out looking
|
|
Batting: LHB Taylor Plummer
|
0-0: Ground out 4-3 (Groundball, 34D, EV 103.1 MPH)
|
|
Batting: RHB Javier Brizuela
|
0-0: Called Strike 0-1: Swinging Strike 0-2: SINGLE (Groundball, 6MS, EV 85.6 MPH) (infield hit)
|
|
Batting: RHB Tyler Cohen
|
0-0: Called Strike 0-1: Fly out, F3 (Popup, 13, EV 83.1 MPH)
|
| Bottom of the 2nd over - 0 runs, 1 hit, 0 errors, 1 left on base; Cleveland (APP) 5 - Baltimore (APP) 0 |
| TOP OF THE 3RD |
|
Cleveland (APP) Indians batting - Pitching for Baltimore (APP) Orioles : RHP Yuji Higashi
|
|
Batting: RHB Luke Burnham
|
0-0: Called Strike 0-1: Fly out, F7 (Line Drive, 78M, EV 105.6 MPH)
|
|
Batting: RHB Xavier Bartolani
|
0-0: Called Strike 0-1: Ball 1-1: SOLO HOME RUN (Line Drive, 8RXD, EV 116.2 MPH), Distance : 466 ft
|
|
Batting: LHB Mario Garza
|
0-0: Swinging Strike 0-1: Ball 1-1: Called Strike 1-2: SINGLE (Groundball, 34D, EV 105.6 MPH) (infield hit)
|
|
Pitching: RHP Dave Shenton
|
|
|
Batting: RHB Cruz Castro
|
0-0: Called Strike 0-1: Foul Ball, location: 2F 0-2: Foul Ball, location: 2F 0-2: Ball 1-2: Strikes out swinging
|
|
Batting: SHB Bob Ledlow
|
0-0: Ball Wild Pitch! Mario Garza to second 1-0: Foul Ball, location: 2F 1-1: Ball 2-1: Ball 3-1: Base on Balls
|
|
Batting: RHB Russ Kennett
|
0-0: Called Strike 0-1: Fly out, F6 (Popup, 6S, EV 82.5 MPH)
|
| Top of the 3rd over - 1 run, 2 hits, 0 errors, 2 left on base; Cleveland (APP) 6 - Baltimore (APP) 0 |
| BOTTOM OF THE 3RD |
|
Baltimore (APP) Orioles batting - Pitching for Cleveland (APP) Indians : RHP Roberto Lamadrid
|
|
Batting: RHB Pedro Luera
|
0-0: Called Strike 0-1: Ball 1-1: Reached on error, E5 (Groundball, 5, EV 100.0 MPH)
|
|
Batting: RHB Willie Carmona
|
0-0: Called Strike 0-1: Called Strike 0-2: Foul Ball, location: 2F 0-2: Ball 1-2: Fly out, F8 (Flyball, 8RD, EV 78.1 MPH)
|
|
Batting: RHB Johnny Lowe
|
0-0: Fielders Choice at 2nd, 5-4 (Groundball, 56, EV 101.2 MPH)
|
|
Batting: LHB Edwin Cabral
|
0-0: Ball 1-0: Swinging Strike 1-1: Ball Wild Pitch! Johnny Lowe to second 2-1: Ball 3-1: Foul Ball, location: 2F 3-2: Base on Balls
|
|
Batting: SHB Shannon Britten
|
0-0: Ball 1-0: Ball 2-0: Swinging Strike 2-1: Ball 3-1: Called Strike 3-2: SINGLE (Groundball, 56D, EV 101.9 MPH) (infield hit) Johnny Lowe to third Edwin Cabral to second
|
|
Batting: LHB Bryan Davidson
|
0-0: Ball 1-0: Swinging Strike 1-1: Ball 2-1: Ball 3-1: Base on Balls Johnny Lowe scores Edwin Cabral to third Shannon Britten to second
|
|
Batting: LHB Taylor Plummer
|
0-0: Ball Wild Pitch! Edwin Cabral scores Shannon Britten to third Bryan Davidson to second 1-0: DOUBLE (Line Drive, 9LM, EV 107.5 MPH) Shannon Britten scores Bryan Davidson scores
|
|
Batting: RHB Javier Brizuela
|
0-0: Ball 1-0: Ball 2-0: Foul Ball, location: 2F 2-1: Called Strike 2-2: Strikes out swinging
|
| Bottom of the 3rd over - 4 runs, 2 hits, 1 error, 1 left on base; Cleveland (APP) 6 - Baltimore (APP) 4 |
| TOP OF THE 4TH |
|
Cleveland (APP) Indians batting - Pitching for Baltimore (APP) Orioles : RHP Dave Shenton
|
|
Batting: RHB Makoto Narita
|
0-0: Swinging Strike 0-1: Ball 1-1: Foul Ball, location: 2F 1-2: Ball 2-2: Fly out, F7 (Flyball, 7, EV 90.6 MPH)
|
|
Batting: SHB Jack Tierney
|
0-0: Ball 1-0: Ball 2-0: Called Strike 2-1: Foul Ball, location: 2F 2-2: Ball 3-2: Hit by Pitch
|
|
Batting: SHB Jay Rook
|
0-0: Ball 1-0: Foul Ball, location: 2F 1-1: Called Strike Jack Tierney steals 2nd, throwing error, E2 Jack Tierney to third 1-2: Ground out 1-3 (Groundball, 25, EV 74.4 MPH)
|
|
Batting: RHB Luke Burnham
|
0-0: Ground out 4-3 (Groundball, 4, EV 108.1 MPH)
|
| Top of the 4th over - 0 runs, 0 hits, 1 error, 1 left on base; Cleveland (APP) 6 - Baltimore (APP) 4 |
| BOTTOM OF THE 4TH |
|
Baltimore (APP) Orioles batting - Pitching for Cleveland (APP) Indians : RHP Roberto Lamadrid
|
|
Batting: RHB Tyler Cohen
|
0-0: Called Strike 0-1: Foul Ball, location: 2F 0-2: Ball 1-2: Ball 2-2: Ball 3-2: Base on Balls
|
|
Batting: RHB Pedro Luera
|
0-0: Called Strike 0-1: Foul Ball, location: 2F 0-2: Reached on error, E4 (Groundball, 4S, EV 69.4 MPH) Tyler Cohen to second
|
|
Batting: RHB Willie Carmona
|
0-0: Ball 1-0: Called Strike 1-1: Swinging Strike 1-2: Foul Ball, location: 2F 1-2: Ball 2-2: Strikes out swinging
|
|
Batting: RHB Johnny Lowe
|
0-0: Fielders Choice at 2nd, 3-6 (Groundball, 3, EV 91.2 MPH) Tyler Cohen to third
|
|
Batting: LHB Edwin Cabral
|
0-0: Called Strike 0-1: Ground out 6-3 (Groundball, 6M, EV 83.8 MPH)
|
| Bottom of the 4th over - 0 runs, 0 hits, 1 error, 2 left on base; Cleveland (APP) 6 - Baltimore (APP) 4 |
| TOP OF THE 5TH |
|
Cleveland (APP) Indians batting - Pitching for Baltimore (APP) Orioles : RHP Dave Shenton
|
|
Batting: RHB Xavier Bartolani
|
0-0: Called Strike 0-1: Ball 1-1: Swinging Strike 1-2: Foul Ball, location: 2F 1-2: Strikes out swinging
|
|
Batting: LHB Mario Garza
|
0-0: Called Strike 0-1: Swinging Strike 0-2: Ball 1-2: Ground out 6-3 (Groundball, 6M, EV 82.5 MPH)
|
|
Batting: RHB Cruz Castro
|
0-0: Swinging Strike 0-1: Ball 1-1: Swinging Strike 1-2: Strikes out swinging
|
| Top of the 5th over - 0 runs, 0 hits, 0 errors, 0 left on base; Cleveland (APP) 6 - Baltimore (APP) 4 |
| BOTTOM OF THE 5TH |
|
Baltimore (APP) Orioles batting - Pitching for Cleveland (APP) Indians : RHP Roberto Lamadrid
|
|
Batting: SHB Shannon Britten
|
0-0: Called Strike 0-1: Ball 1-1: Ground out 4-3 (Groundball, 4, EV 88.1 MPH)
|
|
Pitching: RHP David Aldape
|
|
|
Batting: LHB Bryan Davidson
|
0-0: Ball 1-0: Called Strike 1-1: Called Strike 1-2: Strikes out swinging
|
|
Batting: LHB Taylor Plummer
|
0-0: Ball 1-0: Foul Ball, location: 2F 1-1: Ground out 5-3 (Groundball, 56, EV 80.0 MPH)
|
| Bottom of the 5th over - 0 runs, 0 hits, 0 errors, 0 left on base; Cleveland (APP) 6 - Baltimore (APP) 4 |
| TOP OF THE 6TH |
|
Cleveland (APP) Indians batting - Pitching for Baltimore (APP) Orioles : RHP Dave Shenton
|
|
Batting: SHB Bob Ledlow
|
0-0: Called Strike 0-1: Foul Ball, location: 2F 0-2: Ball 1-2: Strikes out swinging
|
|
Batting: RHB Russ Kennett
|
0-0: Called Strike 0-1: Foul Ball, location: 2F 0-2: Ball 1-2: Strikes out swinging
|
|
Batting: RHB Makoto Narita
|
0-0: Ball 1-0: Called Strike 1-1: SINGLE (Line Drive, 9S, EV 101.2 MPH)
|
|
Pitching: RHP Safe-eldin Enobakhare
|
|
|
Batting: SHB Jack Tierney
|
0-0: Swinging Strike 0-1: Ball 1-1: Ball 2-1: Ball 3-1: Swinging Strike 3-2: Base on Balls Makoto Narita to second
|
|
Batting: SHB Jay Rook
|
0-0: Ball 1-0: Called Strike 1-1: Ball 2-1: Foul Ball, location: 2F 2-2: 3-RUN HOME RUN (Flyball, 89XD, EV 115.6 MPH), Distance : 454 ft
|
|
Batting: RHB Luke Burnham
|
0-0: Called Strike 0-1: Called Strike 0-2: Ball 1-2: Ball 2-2: Ball 3-2: Strikes out swinging
|
| Top of the 6th over - 3 runs, 2 hits, 0 errors, 0 left on base; Cleveland (APP) 9 - Baltimore (APP) 4 |
| BOTTOM OF THE 6TH |
|
Baltimore (APP) Orioles batting - Pitching for Cleveland (APP) Indians : RHP David Aldape
|
|
Batting: RHB Javier Brizuela
|
0-0: Ground out 6-3 (Groundball, 56, EV 111.9 MPH)
|
|
Batting: RHB Tyler Cohen
|
0-0: Swinging Strike 0-1: Swinging Strike 0-2: Foul Ball, location: 2F 0-2: Strikes out swinging
|
|
Batting: RHB Pedro Luera
|
0-0: Called Strike 0-1: Ball 1-1: Swinging Strike 1-2: Foul Ball, location: 2F 1-2: Strikes out swinging
|
| Bottom of the 6th over - 0 runs, 0 hits, 0 errors, 0 left on base; Cleveland (APP) 9 - Baltimore (APP) 4 |
| TOP OF THE 7TH |
|
Cleveland (APP) Indians batting - Pitching for Baltimore (APP) Orioles : RHP Safe-eldin Enobakhare
|
|
Batting: RHB Xavier Bartolani
|
0-0: Ball 1-0: Ball 2-0: Swinging Strike 2-1: Ball 3-1: Base on Balls
|
|
Batting: LHB Mario Garza
|
0-0: Ball 1-0: Called Strike 1-1: Ball 2-1: Ball 3-1: TRIPLE (Line Drive, 7D, EV 106.9 MPH) Xavier Bartolani scores
|
|
Pitching: RHP Xavier Martin
|
|
|
Batting: RHB Cruz Castro
|
0-0: Ball 1-0: Swinging Strike 1-1: Foul Ball, location: 2F 1-2: Ball 2-2: SINGLE (Line Drive, 8RS, EV 105.6 MPH) Mario Garza scores
|
|
Batting: SHB Bob Ledlow
|
0-0: Called Strike 0-1: Ball 1-1: Ball 2-1: Called Strike 2-2: Ball 3-2: Base on Balls Cruz Castro to second
|
|
Batting: RHB Russ Kennett
|
0-0: Ball 1-0: Ball 2-0: Called Strike 2-1: 3-RUN HOME RUN (Flyball, 78XD, EV 111.9 MPH), Distance : 428 ft
|
|
Batting: RHB Makoto Narita
|
0-0: Swinging Strike 0-1: Ball 1-1: Ball 2-1: Ground out 1-3 (Groundball, 34S, EV 75.0 MPH)
|
|
Batting: SHB Jack Tierney
|
0-0: Ball 1-0: Foul Ball, location: 2F 1-1: Foul Ball, location: 2F 1-2: Foul Ball, location: 2F 1-2: Ball 2-2: Foul Ball, location: 2F 2-2: Foul Ball, location: 2F 2-2: Foul Ball, location: 2F 2-2: Ball 3-2: Ground out 6-3 (Groundball, 6, EV 97.5 MPH)
|
|
Batting: SHB Jay Rook
|
0-0: Ground out U3 (Groundball, 3, EV 83.1 MPH)
|
| Top of the 7th over - 5 runs, 3 hits, 0 errors, 0 left on base; Cleveland (APP) 14 - Baltimore (APP) 4 |
| BOTTOM OF THE 7TH |
|
Baltimore (APP) Orioles batting - Pitching for Cleveland (APP) Indians : RHP David Aldape
|
|
Now at 1B: Luis de Leon
|
|
|
Pinch Hitting: RHB Tim Cleary
|
0-0: Ball 1-0: Ball 2-0: Swinging Strike 2-1: Ball 3-1: Base on Balls
|
|
Batting: RHB Johnny Lowe
|
0-0: Foul Ball, location: 2F 0-1: Ball 1-1: Ball 2-1: Foul Ball, location: 2F 2-2: SINGLE (Groundball, 56D, EV 100.0 MPH) Tim Cleary to second Runner from 2nd tries for 3rd, SAFE, throw by LF made to third
|
|
Batting: LHB Edwin Cabral
|
0-0: Called Strike 0-1: Called Strike Johnny Lowe steals 2nd base (no throw) 0-2: Foul Ball, location: 2F 0-2: Foul Ball, location: 2F 0-2: Ball 1-2: Strikes out swinging
|
|
Batting: SHB Shannon Britten
|
0-0: Ball 1-0: Ball 2-0: Ball 3-0: Base on Balls
|
|
Pitching: LHP Jim Longley
|
|
|
Batting: LHB Bryan Davidson
|
0-0: Called Strike 0-1: Ball 1-1: Swinging Strike 1-2: Ball Wild Pitch! Tim Cleary scores Johnny Lowe to third Shannon Britten to second 2-2: Ball 3-2: Strikes out swinging
|
|
Batting: LHB Taylor Plummer
|
0-0: Called Strike 0-1: Foul Ball, location: 2F 0-2: Strikes out swinging
|
| Bottom of the 7th over - 1 run, 1 hit, 0 errors, 2 left on base; Cleveland (APP) 14 - Baltimore (APP) 5 |
| TOP OF THE 8TH |
|
Cleveland (APP) Indians batting - Pitching for Baltimore (APP) Orioles : RHP Xavier Martin
|
|
Now at 3B: Tim Cleary
|
|
|
Batting: RHB Luke Burnham
|
0-0: Ball 1-0: Ball 2-0: Called Strike 2-1: Ball 3-1: Ground out 6-3 (Groundball, 6M, EV 89.4 MPH)
|
|
Batting: RHB Xavier Bartolani
|
0-0: Called Strike 0-1: Foul Ball, location: 2F 0-2: Strikes out looking
|
|
Batting: LHB Mario Garza
|
0-0: Called Strike 0-1: Foul Ball, location: 2F 0-2: Ball 1-2: Strikes out swinging
|
| Top of the 8th over - 0 runs, 0 hits, 0 errors, 0 left on base; Cleveland (APP) 14 - Baltimore (APP) 5 |
| BOTTOM OF THE 8TH |
|
Baltimore (APP) Orioles batting - Pitching for Cleveland (APP) Indians : LHP Jim Longley
|
|
Pitching: LHP Eduardo Alvarez
|
|
|
Batting: RHB Javier Brizuela
|
0-0: Called Strike 0-1: Fly out, F8 (Line Drive, 8RD, EV 104.4 MPH)
|
|
Batting: RHB Tyler Cohen
|
0-0: Ball 1-0: Swinging Strike 1-1: Foul Ball, location: 2F 1-2: Ground out 6-3 (Groundball, 56, EV 89.4 MPH)
|
|
Batting: RHB Pedro Luera
|
0-0: Swinging Strike 0-1: SINGLE (Line Drive, 8RS, EV 111.2 MPH)
|
|
Batting: RHB Tim Cleary
|
0-0: Called Strike 0-1: Foul Ball, location: 2F 0-2: 2-RUN HOME RUN (Flyball, 78XD, EV 101.9 MPH), Distance : 423 ft
|
|
Batting: RHB Johnny Lowe
|
0-0: Ball 1-0: Foul Ball, location: 2F 1-1: Foul Ball, location: 2F 1-2: Ball 2-2: Foul Ball, location: 2F 2-2: Ball 3-2: Foul Ball, location: 2F 3-2: Foul Ball, location: 2F 3-2: Base on Balls
|
|
Batting: LHB Edwin Cabral
|
0-0: Ball 1-0: Called Strike 1-1: Fly out, F7 (Flyball, 7LMF, EV 78.1 MPH)
|
| Bottom of the 8th over - 2 runs, 2 hits, 0 errors, 1 left on base; Cleveland (APP) 14 - Baltimore (APP) 7 |
| TOP OF THE 9TH |
|
Cleveland (APP) Indians batting - Pitching for Baltimore (APP) Orioles : RHP Xavier Martin
|
|
Pitching: RHP Sherwood Abernethy
|
|
|
Batting: RHB Cruz Castro
|
0-0: Ball 1-0: Ball 2-0: Ball 3-0: Called Strike 3-1: Called Strike 3-2: Fly out, F8 (Line Drive, 8RM, EV 93.1 MPH)
|
|
Batting: SHB Luis de Leon
|
0-0: Ball 1-0: Foul Ball, location: 2F 1-1: Called Strike 1-2: Ball 2-2: Foul Ball, location: 2F 2-2: Foul Ball, location: 2F 2-2: Ball 3-2: Base on Balls
|
|
Batting: RHB Russ Kennett
|
0-0: Ball 1-0: Foul Ball, location: 2F 1-1: Ball 2-1: Ball 3-1: Called Strike 3-2: Foul Ball, location: 2F 3-2: Base on Balls Luis de Leon to second
|
|
Batting: RHB Makoto Narita
|
0-0: Ball 1-0: Called Strike 1-1: Ball 2-1: Fly out, F3 (Popup, 34, EV 64.4 MPH)
|
|
Batting: SHB Jack Tierney
|
0-0: Called Strike 0-1: Foul Ball, location: 2F 0-2: Ball 1-2: Ball 2-2: Ball 3-2: Ground out 6-3 (Groundball, 6, EV 86.2 MPH)
|
| Top of the 9th over - 0 runs, 0 hits, 0 errors, 2 left on base; Cleveland (APP) 14 - Baltimore (APP) 7 |
| BOTTOM OF THE 9TH |
|
Baltimore (APP) Orioles batting - Pitching for Cleveland (APP) Indians : LHP Eduardo Alvarez
|
|
Batting: SHB Shannon Britten
|
0-0: Called Strike 0-1: Ball 1-1: Ball 2-1: Foul Ball, location: 2F 2-2: Ball 3-2: Foul Ball, location: 2F 3-2: Foul Ball, location: 2F 3-2: Ground out 5-3 (Groundball, 56S, EV 93.8 MPH)
|
|
Pinch Hitting: RHB Adam Hudson
|
0-0: Called Strike 0-1: Swinging Strike 0-2: Ball 1-2: Strikes out swinging
|
|
Pinch Hitting: RHB Michael Powell
|
0-0: Ball 1-0: Called Strike 1-1: Called Strike 1-2: Foul Ball, location: 2F 1-2: Ball 2-2: Strikes out swinging
|
| Bottom of the 9th over - 0 runs, 0 hits, 0 errors, 0 left on base; Cleveland (APP) 14 - Baltimore (APP) 7 |
|